 Dungeon Crawl Stone Soup version 0.16.1-28-gcc2312f (webtiles) character file.

406985 Krapule the Slayer (level 23, -22/160 HPs)
             Began as a Gargoyle Fighter on May 24, 2015.
             Was the Champion of Qazlal.
             Killed from afar by a tengu reaver (55 damage)
             ... with a fireball
             ... on level 1 of the Depths on May 27, 2015.
             The game lasted 06:28:36 (56722 turns).

Krapule the Slayer (Gargoyle Fighter)              Turns: 56722, Time: 06:28:36

Health: -22/160    AC: 67    Str: 27    XL:     23   Next: 42%
Magic:  40/40      EV:  6    Int: 11    God:    Qazlal [******]
Gold:   4101       SH: 31    Dex: 13    Spells: 0 memorised, 22 levels left

rFire  . . .     SeeInvis +     R - +0 eveningstar (protect)
rCold  . . .     Clarity  .     W - +0 crystal plate armour
rNeg   + + .     SustAb   .     L - +0 large shield
rPois  ∞         Gourm    .     c - +1 helmet {SInv}
rElec  +         Spirit   .     n - +1 cloak {MR+}
rCorr  .         Warding  .     j - +2 pair of gloves {Dex+3}
rMut   .         Stasis   .     x - +2 pair of boots {run}
MR     ++++.                    A - amulet of regeneration
Stlth  ..........               S - ring of positive energy
                                b - ring of protection from magic

@: protected from physical damage, flying, repel missiles, quick, incredibly
resistant to hostile enchantments, extremely unstealthy
A: able to fly continuously, big wings, molten scales 1, magic resistance 1,
negative energy resistance 1, electricity resistance, unbreathing, petrification
resistance, rot immunity, AC +17
a: Stop Flying, Upheaval, Elemental Force, Disaster Area, Renounce Religion
}: 2/15 runes: decaying, serpentine


You were on level 1 of the Depths.
You worshipped Qazlal.
Qazlal was exalted by your worship.
You were not hungry.

You visited 7 branches of the dungeon, and saw 43 of its levels.
You visited 2 bazaars.
You also visited: Ossuary.

You collected 5333 gold pieces.
You spent 1232 gold pieces at shops.

Inventory:

Hand weapons
 y - a +2 antimagic flail
 B - a +0 demon whip of freezing
 R - a +0 eveningstar of protection (weapon)
Armour
 c - a +1 helmet of see invisible (worn)
 j - a +2 pair of gloves of dexterity (worn)
 n - a +1 cloak of magic resistance (worn)
 x - a +2 pair of boots of running (worn)
 L - a +0 large shield (worn)
 W - a +0 crystal plate armour (worn)
Jewellery
 b - a ring of protection from magic (left hand)
 i - an uncursed ring of protection from cold
 p - a +2 ring of evasion
 s - an uncursed ring of sustain abilities
 A - an amulet of regeneration (around neck)
 S - a ring of positive energy (right hand)
 V - an uncursed ring of protection from fire
Magical devices
 a - a wand of flame (21)
 v - a wand of disintegration (6)
 D - a wand of fireball (3)
 G - a wand of disintegration (10)
 I - a wand of hasting (2)
 N - a wand of digging (8)
 O - a wand of teleportation (1)
 Q - a wand of lightning (1)
Scrolls
 f - 2 scrolls of remove curse
 g - 5 scrolls of identify
 l - 2 scrolls of silence
 q - a scroll of fear
 r - 2 scrolls of magic mapping
 t - 2 scrolls of fog
Potions
 e - a potion of might
 k - 3 potions of curing
 m - 2 potions of heal wounds
 o - a potion of resistance
 u - 2 potions of magic
 w - a potion of berserk rage {unknown}
 C - a potion of cure mutation
 M - 2 potions of restore abilities
Comestibles
 d - 7 bread rations
 h - 6 royal jellies


   Skills:
 + Level 21.4 Fighting
 - Level 12.0 Maces & Flails
 + Level 21.2 Armour
 - Level 1.0 Dodging
 + Level 18.7 Shields
 + Level 21.0 Invocations


You had 22 spell levels left.
You didn't know any spells.

Dungeon Overview and Level Annotations

Branches:
Dungeon (15/15)            Temple (0/1) D:5            Lair (8/8) D:8
  Swamp (5/5) Lair:6        Snake (5/5) Lair:3        Slime (0/6) Lair:6
    Orc (4/4) D:11         Vaults (5/5) D:13          Crypt (0/3) Vaults:3
 Depths (1/5) D:15
    Elf: Orc:3-4

Altars:
Dithmenos
Elyvilon
Gozag
Kikubaaqudgha
Nemelex Xobeh
Qazlal
Sif Muna
Trog
The Shining One
Beogh
Jiyva

Shops:
D:5 *[*[(   Orc:4 *%=!   Snake:4 [   Vaults:4 [

Portals:
Hell: Depths:1

Annotations:
D:3 EmilioHeskey's ghost, average OgBe
D:6 Pikel
D:10 Harold
Orc:1 exclusion: oklob plant


Innate Abilities, Weirdness & Mutations

You are resistant to torment.
You are immune to poison.
You can fly continuously.
Your stone body is very resilient (AC +17).
Your wings are large and strong.
You resist negative energy.
You are resistant to electric shocks.
You can survive without breathing.
You are immune to petrification.
You are immune to rotting.
You are partially covered in molten scales (AC +1).
You are resistant to hostile enchantments.


Message History

The octopode crusher is almost dead.
The octopode crusher stares at you and mumbles some strange words.
You block the iron shot. The octopode crusher constricts you.
You block the tengu reaver's attack. x2
The tengu reaver claws you but does no damage.
You closely miss the octopode crusher.
The octopode crusher is almost dead.
The plant is struck by lightning.
You destroy the plant!
The octopode crusher throws you!
* * * LOW HITPOINT WARNING * * *
You block the tengu reaver's attack. x2
The tengu reaver claws you but does no damage.
You barely miss the tengu reaver.
The tengu reaver is severely wounded.
You barely miss the tengu reaver.
The tengu reaver is severely wounded.
The tengu reaver casts a spell at you.
The fireball explodes!
The fireball engulfs you!
You die...

##. ##≈P #.≈≈
#.P♣ #P≈♣ ≈≈P
#P≈♣♣♣♣♣≈≈P
#P≈≈§≈≈P≈P.
#..≈P≈.≈...
#§@§P.P....
##Q§.P...... .
###(.x§....... .
##(.........?..
..
#(....§§.*....
.(
#............#
#.
#.............
##.
##...........
#..
####............
##..


You could see an octopode crusher and a tengu reaver.

Vanquished Creatures
  the Lernaean hydra (Swamp:5)
  Norris (Vaults:1)
  Saint Roka (Swamp:3)
  A golden dragon (Vaults:4)
  Nikola (Vaults:1)
  A tentacled monstrosity (Vaults:2)
  A titan (Vaults:5)
  8 sphinxes
  3 thorn hunters (Swamp:4)
  Rupert (Snake:3)
  An ancient champion (Vaults:3)
  A shadow dragon (Vaults:5)
  5 tengu reavers
  3 storm dragons
  Roxanne (Snake:4)
  4 frost giants
  11 greater nagas
  Wiglaf (Vaults:3)
  Maud (Lair:6)
  2 fire giants
  2 emperor scorpions (Depths:1)
  Louise (D:14)
  An orc warlord (Orc:4)
  15 vault wardens
  Gastronok (Lair:1)
  17 ironheart preservers
  2 war gargoyles
  9 stone giants
  7 very ugly things
  2 deep elf demonologists
  4 deep elf annihilators
  Azrael (Snake:4)
  4 ettins
  2 deep elf death magi (Vaults:5)
  27 vault guards
  3 fire dragons
  A crystal guardian (Vaults:2)
  A blizzard demon (Depths:1)
  A deep elf high priest (Vaults:5)
  A great orb of eyes (Vaults:2)
  14 yaktaur captains
  A ghost crab (Swamp:4)
  2 ice dragons
  31 hydras
  A catoblepas (Depths:1)
  10 naga warriors
  23 anacondas
  Erica (D:10)
  4 centaur warriors
  2 dancing weapons (Vaults:5)
  A rakshasa (Vaults:2)
  A deep troll shaman (Vaults:2)
  7 death yaks
  9 ogre magi
  2 deep troll earth magi (Vaults:2)
  9 alligators
  2 tengu warriors
  7 orc high priests (Orc:4)
  A shock serpent (shapeshifter) (D:14)
  5 spriggans
  14 naga sharpshooters
  7 shock serpents
  4 soul eaters (Depths:1)
  A spriggan rider (Swamp:5)
  An ice devil (Vaults:5)
  The ghost of jazmu the Zephyrmancer, an experienced TeAE of Vehumet (D:10)
  2 fire crabs (Vaults:2)
  A large abomination (Vaults:1)
  9 skeletal warriors
  4 salamander mystics
  2 deep elf knights
  A spriggan druid (Swamp:5)
  12 deep trolls
  11 ironbrand convokers
  2 deep elf summoners (Vaults:1)
  3 unseen horrors
  11 naga ritualists
  6 hill giants
  6 necromancers
  8 harpies (Vaults:3)
  An obsidian statue (Depths:1)
  2 flayed ghosts
  12 swamp dragons
  A small abomination (Vaults:5)
  A wolf spider zombie (Vaults:1)
  A sphinx zombie (D:15)
  8 griffons
  2 wizards (Vaults:1)
  A faun (shapeshifter) (Vaults:5)
  An orb spider (shapeshifter) (Vaults:3)
  5 deep elf conjurers
  A giant orange brain (Vaults:5)
  13 orc knights
  2 stone giant zombies
  11 mana vipers
  An orc sorcerer (Vaults:4)
  10 wolf spiders
  27 ugly things
  9 cyclopes
  3 phantasmal warriors
  8 hornets
  A sixfirhy (Vaults:1)
  2 manticores
  A water nymph (shapeshifter) (Vaults:1)
  2 centaur zombies (D:14)
  A black mamba (shapeshifter) (D:13)
  43 black mambas
  A frost giant skeleton (Vaults:1)
  24 salamanders
  15 guardian serpents
  31 elephants
  2 rust devils (Depths:1)
  A torpor snail (shapeshifter) (Vaults:5)
  22 spiny frogs
  7 orc zombies
  An orange demon (Depths:1)
  25 naga magi
  A gargoyle (D:14)
  3 torpor snails
  An orange crystal statue (Snake:1)
  8 vault sentinels
  A yaktaur zombie (Vaults:2)
  A dire elephant skeleton (D:15)
  A spriggan zombie (D:15)
  2 kobold demonologists
  2 centaur skeletons
  A tengu conjurer (D:14)
  44 yaktaurs
  5 komodo dragons
  7 fire drakes
  3 blue devils (Depths:1)
  A human skeleton (Vaults:2)
  A fire drake (shapeshifter) (Vaults:5)
  A yaktaur skeleton (Vaults:1)
  8 polar bears (Lair:8)
  4 jumping spiders
  Sonja (Swamp:1)
  7 deep elf priests
  A red devil (Depths:1)
  23 blink frogs
  7 giant leeches
  11 trolls
  Grinder (D:5)
  Prince Ribbit (Lair:1)
  14 bog bodies
  20 slime creatures
  4 freezing wraiths
  18 two-headed ogres
  2 baby alligators (Swamp:1)
  3 raiju (Lair:8)
  A boulder beetle (shapeshifter) (Vaults:5)
  4 boulder beetles
  2 ravens (Swamp:2)
  A snapping turtle (shapeshifter) (Vaults:4)
  A human simulacrum (Vaults:3)
  A trapdoor spider (D:12)
  7 basilisks
  7 redbacks
  A tarantella (Vaults:5)
  A vampire (Depths:1)
  7 shadows
  7 wyverns
  6 fire elementals
  A tarantella (shapeshifter) (Vaults:5)
  A water elemental (Vaults:5)
  3 wraiths
  10 deep elf magi
  A chaos spawn (Vaults:4)
  13 deep elf fighters
  A human (shapeshifter) (Vaults:3)
  33 yaks
  25 wolves
  2 deep troll zombies (Vaults:2)
  A hippogriff (shapeshifter) (D:13)
  32 vampire mosquitoes
  15 hippogriffs
  3 hungry ghosts
  2 mottled dragons
  A mottled dragon (shapeshifter) (Depths:1)
  5 hell hounds
  13 insubstantial wisps
  64 nagas
  A steam dragon (D:11)
  30 swamp worms
  56 water moccasins
  14 wargs
  2 soldier ants (shapeshifter)
  60 orc warriors
  13 black bears
  15 swamp drakes
  53 ogres
  An ice beast (D:9)
  2 wasps (Swamp:4)
  2 slaves (D:6)
  10 porcupines
  15 centaurs
  8 sky beasts
  3 phantoms
  A necrophage (D:10)
  21 crocodiles
  Sigmund (D:3)
  4 boggarts
  2 human zombies (Vaults:1)
  A crocodile (shapeshifter) (Vaults:2)
  A gnoll sergeant (D:8)
  3 big kobolds
  A brain worm (Lair:7)
  26 giant frogs
  5 scorpions
  2 wyvern skeletons (D:6)
  5 electric eels
  2 goliath beetles
  13 crimson imps
  4 killer bees (D:14)
  24 hounds
  5 jellies
  2 giant frog zombies
  2 giant frog skeletons
  2 hell rats (Vaults:1)
  6 worker ants
  14 iguanas
  4 iron imps (Depths:1)
  32 orc priests
  2 polar bear simulacra (Lair:3)
  32 orc wizards
  An ogre zombie (Vaults:3)
  2 yak simulacra (Lair:3)
  16 sheep
  3 wolf simulacra (Lair:3)
  13 mummies
  A worker ant zombie (D:10)
  53 adders
  7 gnolls
  93 river rats
  4 shadow imps
  2 white imps (Depths:1)
  2 giant mites (D:6)
  4 worms
  2 adder skeletons
  11 giant geckos
  An ooze (D:6)
  325 orcs
  10 bats
  2 bat zombies
  3 giant cockroaches
  30 goblins
  22 hobgoblins
  36 kobolds
  A ball python (D:8)
  A giant gecko zombie (D:6)
  8 giant newts
  2 gnoll skeletons (Ossuary)
  5 goblin skeletons (Ossuary)
  9 jackals
  A jackal zombie (D:8)
  An orc skeleton (Ossuary)
  13 quokkas
  A quokka skeleton (D:7)
  17 rats
  11 rat skeletons (Ossuary)
  4 river rat simulacra (Lair:3)
  9 ballistomycetes (D:7)
  4 bushes
  A butterfly (Lair:2)
  2 crawling corpses (Vaults:5)
  79 fungi
  73 plants
2556 creatures vanquished.

Vanquished Creatures (collateral kills)
  A vault warden (Vaults:5)
  A vault guard (Vaults:5)
  A hornet (Vaults:5)
  A quokka (Lair:6)
4 creatures vanquished.

Vanquished Creatures (others)
  2 tengu reavers
  An ironheart preserver (Vaults:1)
  An anaconda (Snake:2)
  A black mamba (Snake:5)
  A yaktaur zombie (Vaults:1)
  A demonic crawler (Vaults:1)
  A freezing wraith (Vaults:1)
  A water elemental (Vaults:5)
  A spriggan (Swamp:5)
  A deep elf fighter (Vaults:2)
  An ogre zombie (Vaults:1)
  2 nagas
  2 swamp drakes
  A human zombie (Vaults:1)
  2 wasps (Swamp:5)
  3 ogres (Vaults:1)
  2 lost souls (Vaults:5)
  A giant frog (Lair:6)
  A hound (Lair:8)
  A crimson imp (Depths:1)
  3 orc wizards
  An orc (Vaults:3)
  A giant spore (D:7)
  A briar patch (Swamp:4)
  A crawling corpse (Vaults:5)
  48 fungi
  57 plants
139 creatures vanquished.

Grand Total: 2699 creatures vanquished

Notes
Turn   | Place    | Note
--------------------------------------------------------------
     0 | D:1      | Krapule, the Gargoyle Fighter, began the quest for the Orb.
     0 | D:1      | Reached XP level 1. HP: 14/14 MP: 1/1
   144 | D:1      | Reached XP level 2. HP: 10/19 MP: 2/2
   649 | D:2      | Reached XP level 3. HP: 23/23 MP: 3/3
  1199 | D:2      | Reached XP level 4. HP: 28/28 MP: 4/4
  1496 | D:2      | Reached skill level 4 in Armour
  1724 | D:2      | Gained mutation: You are resistant to hostile enchantments. [potion of beneficial mutation]
  1913 | D:3      | Reached XP level 5. HP: 28/33 MP: 5/5
  2121 | D:3      | Noticed Sigmund
  2191 | D:3      | Reached skill level 1 in Dodging
  2193 | D:3      | Reached XP level 6. HP: 27/39 MP: 6/6
  2365 | D:3      | Found a stormy altar of Qazlal.
  2367 | D:3      | Noticed a water elemental
  2368 | D:3      | Noticed an air elemental
  2368 | D:3      | Noticed a fire elemental
  2368 | D:3      | Noticed an earth elemental
  2373 | D:3      | Became a worshipper of Qazlal Stormbringer
  2432 | D:3      | Noticed EmilioHeskey's ghost (average OgBe)
  2859 | D:3      | Found an ancient bone altar of Kikubaaqudgha.
  2864 | D:3      | Found a shadowy altar of Dithmenos.
  2866 | D:3      | Found a white marble altar of Elyvilon.
  3146 | D:4      | Reached skill level 1 in Invocations
  3410 | D:4      | Reached skill level 5 in Armour
  3414 | D:4      | Reached skill level 5 in Fighting
  3414 | D:4      | Reached XP level 7. HP: 41/44 MP: 8/8
  3627 | D:3      | Acquired Qazlal's first power
  3647 | D:3      | Killed Sigmund
  3766 | D:5      | Entered Level 5 of the Dungeon
  3783 | D:5      | Found an opulent altar of Gozag.
  3783 | D:5      | Found Vitoclue's Assorted Antiques.
  3785 | D:5      | Found Gozag's Platinum Reserve.
  3879 | D:5      | Found a staircase to the Ecumenical Temple.
  3940 | D:5      | Noticed Grinder
  4014 | D:5      | Found Doxulya's Antique Armour Shoppe.
  4022 | D:5      | Bought a pair of embroidered boots for 112 gold pieces
  4185 | D:5      | Killed Grinder
  4185 | D:5      | Reached skill level 6 in Fighting
  4185 | D:5      | Reached skill level 5 in Shields
  4185 | D:5      | Reached XP level 8. HP: 37/51 MP: 13/13
  4472 | D:5      | Found Ydaota Kiugg's Antique Weapon Boutique.
  4530 | D:5      | Found a glowing golden altar of the Shining One.
  4716 | D:5      | Found Qatus' Armour Shop.
  4797 | D:6      | Found a sand-covered staircase.
  4810 | Ossuary  | Entered an ossuary
  5114 | Ossuary  | Acquired Qazlal's second power
  5603 | D:6      | Reached skill level 7 in Fighting
  5603 | D:6      | Reached XP level 9. HP: 37/57 MP: 14/16
  5620 | D:6      | Reached skill level 5 in Invocations
  6334 | D:6      | Noticed Pikel
  6574 | D:6      | Acquired Qazlal's third power
  6793 | D:7      | Got a brightly glowing ring mail
  6804 | D:7      | Identified the +2 ring mail of Responsibility {+Inv Int+4 Stlth+} (You found it on level 7 of the Dungeon)
  6834 | D:7      | Reached skill level 8 in Fighting
  7323 | D:7      | Found a bloodstained altar of Trog.
  7323 | D:7      | Found a deep blue altar of Sif Muna.
  7497 | D:8      | Acquired Qazlal's fourth power
  7545 | D:8      | Found a staircase to the Lair.
  7605 | D:8      | Reached XP level 10. HP: 62/65 MP: 20/20
  7812 | D:8      | Found a sparkling altar of Nemelex Xobeh.
  8836 | D:9      | Reached skill level 9 in Fighting
  9241 | D:9      | Acquired Qazlal's fifth power
  9297 | D:10     | Entered Level 10 of the Dungeon
  9315 | D:10     | Noticed Harold
  9316 | D:10     | Noticed a hill giant
  9582 | D:10     | Killed a hill giant
  9747 | D:10     | Noticed Erica
  9867 | D:10     | Killed Erica
  9867 | D:10     | Reached skill level 5 in Maces & Flails
  9867 | D:10     | Reached XP level 11. HP: 67/72 MP: 22/22
 10178 | D:10     | Noticed jazmu's ghost (experienced TeAE)
 10183 | D:10     | Killed jazmu's ghost
 10494 | Lair:1   | Entered Level 1 of the Lair of Beasts
 10624 | Lair:1   | Noticed Gastronok
 10624 | Lair:1   | Noticed a seven-headed hydra
 10864 | Lair:1   | Noticed Prince Ribbit
 10869 | Lair:1   | Killed Prince Ribbit
 11043 | Lair:1   | Killed Gastronok
 11043 | Lair:1   | Reached skill level 10 in Fighting
 11043 | Lair:1   | Reached skill level 10 in Armour
 12118 | Lair:2   | Reached skill level 10 in Shields
 12535 | Lair:2   | Reached XP level 12. HP: 76/79 MP: 25/25
 13207 | Lair:2   | Reached skill level 11 in Fighting
 13462 | Lair:3   | Reached skill level 10 in Invocations
 13748 | Lair:3   | Found a staircase to the Snake Pit.
 13755 | Lair:3   | Found a white marble altar of Elyvilon.
 13966 | Lair:3   | Noticed a necromancer
 13981 | Lair:3   | Killed a necromancer
 14499 | Lair:3   | Noticed a five-headed hydra
 14505 | Lair:3   | Killed a five-headed hydra
 14592 | Lair:4   | Reached skill level 12 in Fighting
 14757 | Lair:4   | Reached XP level 13. HP: 80/86 MP: 27/27
 15316 | Lair:5   | Got an encrusted dagger
 16493 | Lair:6   | Noticed Maud
 16521 | Lair:6   | Killed Maud
 16594 | Lair:6   | Identified the +10 dagger of the Ten Spirits {speed, rElec rC+ rN+ Str+2 Int-4} (You found it on level 5 of the Lair of Beasts)
 16688 | Lair:6   | Reached skill level 13 in Fighting
 16880 | Lair:6   | Found a staircase to the Slime Pits.
 16881 | Lair:6   | Found a viscous altar of Jiyva.
 17502 | Lair:6   | Found a staircase to the Swamp.
 18210 | Lair:7   | Gained mutation: Your wings are large and strong. [gargoyle growth]
 18210 | Lair:7   | Reached XP level 14. HP: 83/94 MP: 29/29
 18781 | Lair:7   | Reached skill level 14 in Fighting
 19394 | Lair:8   | Entered Level 8 of the Lair of Beasts
 20513 | D:8      | Gained mutation: You are partially covered in molten scales (AC +1). [potion of beneficial mutation]
 21340 | Lair:8   | Reached XP level 15. HP: 75/101 MP: 29/31
 21640 | Lair:8   | Identified a +2 pair of boots of running (You found it on level 8 of the Lair of Beasts)
 22777 | D:11     | Found a staircase to the Orcish Mines.
 23516 | Orc:1    | Entered Level 1 of the Orcish Mines
 24979 | Orc:2    | Found a roughly hewn altar of Beogh.
 25011 | Orc:1    | Reached skill level 10 in Maces & Flails
 25051 | Orc:1    | Found a bloodstained altar of Trog.
 25481 | Orc:4    | Entered Level 4 of the Orcish Mines
 25615 | Orc:4    | Reached skill level 15 in Fighting
 25841 | Orc:4    | Reached skill level 15 in Armour
 26132 | Orc:4    | Found a roughly hewn altar of Beogh.
 26174 | Orc:4    | Found Qudweng's Food Emporium.
 26188 | Orc:4    | Found Vaaraups' Assorted Antiques.
 27376 | Orc:4    | Found Qoon's Jewellery Emporium.
 27430 | Orc:4    | Found a roughly hewn altar of Beogh.
 27473 | Orc:4    | Found Liaqukaq's Distillery.
 27500 | Orc:4    | Bought a potion of heal wounds for 60 gold pieces
 28814 | D:12     | Reached XP level 16. HP: 104/108 MP: 30/32
 29120 | D:13     | Found a gate to the Vaults.
 29836 | D:14     | Noticed a sphinx
 29859 | D:14     | Killed a sphinx
 29859 | D:14     | Reached skill level 15 in Invocations
 29972 | D:14     | Noticed Louise
 30033 | D:14     | Killed Louise
 30893 | D:15     | Entered Level 15 of the Dungeon
 31036 | D:15     | Reached skill level 16 in Fighting
 31127 | D:15     | Found a staircase to the Depths.
 31401 | D:15     | Found a runed door.
 31745 | D:15     | Identified the Tome of Stones
 32298 | Snake:1  | Entered Level 1 of the Snake Pit
 32298 | Snake:1  | Found a gateway to a bazaar.
 32392 | Bazaar   | Entered a bazaar
 32394 | Bazaar   | Found Wifuorr's Antique Armour Boutique.
 32397 | Bazaar   | Found Umucraq's Assorted Antiques.
 32398 | Bazaar   | Found Kanek's Jewellery Boutique.
 32398 | Bazaar   | Found Qaajies' Distillery.
 32418 | Bazaar   | Bought a bubbling emerald potion for 14 gold pieces
 32418 | Bazaar   | Bought a scroll labeled OCKONO XOOW for 16 gold pieces
 32433 | Bazaar   | Bought a potion of haste for 120 gold pieces
 32433 | Bazaar   | Bought a potion of heal wounds for 60 gold pieces
 32847 | Snake:1  | Reached XP level 17. HP: 114/116 MP: 34/34
 34935 | Snake:4  | Noticed Rupert
 34965 | Snake:3  | Killed Rupert
 35119 | Snake:4  | Noticed Azrael
 35168 | Snake:4  | Noticed Roxanne
 35342 | Snake:4  | Reached skill level 17 in Fighting
 35369 | Snake:4  | Killed Azrael
 35956 | Snake:4  | Identified a scroll of acquirement
 36348 | Snake:5  | Entered Level 5 of the Snake Pit
 36355 | Snake:4  | Reached XP level 18. HP: 124/124 MP: 35/35
 36417 | Snake:4  | Found Morus' Antique Armour Emporium.
 36423 | Snake:4  | Bought a pair of embroidered gloves for 166 gold pieces
 36423 | Snake:4  | Bought a polished scale mail for 333 gold pieces
 36423 | Snake:4  | Bought a scorched helmet for 351 gold pieces
 36433 | Snake:4  | Identified the cursed -5 helmet of the Lotus Blossom {MR- Int+4 SInv} (You bought it in a shop on level 4 of the Snake Pit)
 36443 | Snake:4  | Identified the +6 scale mail of Junta {-Tele Dex+2 Slay+3} (You bought it in a shop on level 4 of the Snake Pit)
 36961 | Snake:4  | Killed Roxanne
 37537 | Swamp:1  | Entered Level 1 of the Swamp
 37544 | Swamp:1  | Noticed Sonja
 37568 | Swamp:1  | Killed Sonja
 38908 | Swamp:3  | Noticed Saint Roka
 39878 | Swamp:3  | Killed Saint Roka
 41892 | Swamp:5  | Entered Level 5 of the Swamp
 41907 | Swamp:4  | Reached skill level 18 in Fighting
 42003 | Swamp:5  | Reached XP level 19. HP: 100/130 MP: 36/36
 43045 | Swamp:5  | Noticed the 27-headed Lernaean hydra
 43071 | Swamp:5  | Killed the 27-headed Lernaean hydra
 43176 | Swamp:5  | Got a decaying rune of Zot
 44482 | Snake:5  | Reached skill level 15 in Shields
 45593 | Snake:5  | Reached XP level 20. HP: 102/137 MP: 32/37
 45795 | Snake:5  | Got a serpentine rune of Zot
 46202 | Vaults:1 | Entered Level 1 of the Vaults
 46343 | Vaults:1 | Reached skill level 19 in Fighting
 46791 | Vaults:1 | Noticed Nikola
 46838 | Vaults:1 | Killed Nikola
 46969 | Vaults:1 | Noticed Norris
 46986 | Vaults:1 | Killed Norris
 47133 | Vaults:1 | Got a sapphire-encrusted chain mail
 47134 | Vaults:1 | Identified the +3 chain mail of Misanthropy {Str-2 Dex+3} (You found it on level 1 of the Vaults)
 48470 | Vaults:2 | Reached XP level 21. HP: 144/144 MP: 38/38
 49191 | Vaults:2 | Found a flickering gateway to a bazaar.
 49230 | Bazaar   | Entered a bazaar
 49230 | Bazaar   | Found Kleibum's Armour Shoppe.
 49230 | Bazaar   | Found Woulid's Assorted Antiques.
 49231 | Bazaar   | Found Masunail's Antique Weapon Shop.
 49232 | Bazaar   | Found Yriz Uru's Distillery.
 49232 | Bazaar   | Found Vairaing's Weapon Emporium.
 50051 | Vaults:3 | Reached skill level 20 in Fighting
 50509 | Vaults:3 | Noticed Wiglaf
 50530 | Vaults:3 | Killed Wiglaf
 50616 | Vaults:3 | Found a staircase to the Crypt.
 51037 | Vaults:4 | Found Voanlot's Antique Armour Emporium.
 52891 | Vaults:5 | Entered Level 5 of the Vaults
 52896 | Vaults:5 | Reached XP level 22. HP: 134/152 MP: 39/39
 53518 | Vaults:5 | Reached skill level 21 in Fighting
 53521 | Vaults:5 | Noticed a golden dragon
 54385 | Vaults:4 | Killed a golden dragon
 54491 | Vaults:5 | Noticed an ancient lich
 54494 | Vaults:5 | Reached XP level 23. HP: 56/160 MP: 40/40
 54615 | Vaults:5 | Noticed an ancient lich
 55214 | Vaults:5 | HP: 5/160 [deep elf sorcerer/blast of hellfire (35)]
 55631 | Depths:1 | Entered Level 1 of the Depths
 56282 | Depths:1 | Found a gateway to Hell.
 56722 | Depths:1 | Killed from afar by a tengu reaver

Action                   |  1- 3 |  4- 6 |  7- 9 | 10-12 | 13-15 | 16-18 | 19-21 | 22-24 || total
-------------------------+-------+-------+-------+-------+-------+-------+-------+-------++-------
Melee: Flail             |    63 |       |     5 |       |       |       |       |       ||    68
       Mace              |    45 |   187 |   630 |   953 |  1310 |       |       |       ||  3125
       Dagger            |       |       |       |       |     4 |       |       |       ||     4
       Morningstar       |       |       |       |       |   953 |  1843 |       |       ||  2796
       Eveningstar       |       |       |       |       |       |   300 |  2310 |   722 ||  3332
Invok: Disaster Area     |       |       |       |       |     1 |     4 |       |     7 ||    12
       Upheaval          |       |       |       |       |       |       |     3 |     2 ||     5
       Elemental Force   |       |       |       |       |       |       |       |     1 ||     1
 Abil: Fly               |       |       |       |       |     2 |       |       |       ||     2
       Stop Flying       |       |       |       |       |     1 |       |       |       ||     1
Evoke: Wand              |       |       |       |    11 |     7 |     2 |     4 |     5 ||    29
  Use: Potion            |       |     5 |       |     4 |     5 |     1 |       |     9 ||    24
       Scroll            |       |       |     7 |    12 |     6 |     9 |     4 |    10 ||    48
 Stab: Confused          |       |       |       |       |     1 |       |       |       ||     1
       Distracted        |       |       |       |       |     1 |       |       |       ||     1
  Eat: Chunk             |     1 |     7 |    11 |    22 |    46 |    32 |    35 |     2 ||   156
       Beef jerky        |       |       |     2 |     1 |       |       |       |       ||     3
       Pizza             |       |       |     1 |     1 |       |     1 |       |       ||     3
       Fruit             |       |       |       |       |     2 |       |       |       ||     2
       Bread ration      |       |       |       |       |       |     1 |     1 |     3 ||     5
       Meat ration       |       |       |       |       |       |     1 |       |     1 ||     2
